 Dungeon Crawl Stone Soup version 0.30.0-29-ga12c61a403 (webtiles) character file.

Game seed: 2428130443205417432

303 GimliDwarf the Changer (level 6, -5/44 HPs)
             Began as a Gnoll Wanderer on June 24, 2023.
             Shot with an arrow by a centaur (15 damage)
             ... on level 3 of the Dungeon.
             The game lasted 00:09:39 (3817 turns).

GimliDwarf the Changer (Gnoll Wanderer)             Turns: 3817, Time: 00:09:39

Health: -5/44      AC:  4    Str: 10    XL:     6   Next: 38%
Magic:  11/14      EV: 12    Int: 15    God:
Gold:   154        SH:  0    Dex: 11    Spells: 8/15 levels left

rFire   . . .        j - +1 sling
rCold   . . .        (no shield)
rNeg    . . .        c - +0 robe
rPois   .            (no helmet)
rElec   .            d - +1 cloak
rCorr   .            (no gloves)
SInv    .            (no boots)
Will    .....        (no amulet)
Stlth   +++          (no ring)
HPRegen 0.27/turn    (no ring)
MPRegen 0.14/turn

%: no passive effects
@: no status effects
A: fangs 1, strong nose, distributed training
a: no special abilities


You were on level 3 of the Dungeon.
You visited 1 branch of the dungeon, and saw 4 of its levels.

You collected 154 gold pieces.

Inventory:

Hand Weapons
 f - a +0 short sword of draining
 j - a +1 sling (weapon)
 o - a +0 antimagic scythe
Armour
 c - a +0 robe (worn)
 d - a +1 cloak (worn)
Potions
 a - a potion of resistance
 e - a potion of ambrosia {unknown}
 g - a potion of mutation
 i - a potion of invisibility
 m - a potion of attraction {unknown}
 q - a potion of degeneration {unknown}
 r - a potion of brilliance {unknown}


   Skills:
 + Level 2.0 Fighting
 + Level 2.0 Short Blades
 + Level 2.0 Long Blades
 + Level 2.0 Axes
 + Level 2.0 Maces & Flails
 + Level 2.0 Polearms
 + Level 2.0 Staves
 + Level 2.0 Ranged Weapons
 + Level 2.0 Throwing
 + Level 3.3 Armour
 + Level 2.0 Dodging
 + Level 4.6 Stealth
 + Level 2.0 Shields
 + Level 2.0 Unarmed Combat
 + Level 5.4 Spellcasting
 + Level 1.6 Conjurations
 + Level 1.6 Hexes
 + Level 1.6 Summonings
 + Level 1.6 Necromancy
 + Level 1.6 Translocations
 + Level 7.3 Transmutations
 + Level 1.6 Fire Magic
 + Level 1.6 Ice Magic
 + Level 2.6 Air Magic
 + Level 1.6 Earth Magic
 + Level 1.6 Poison Magic
 + Level 2.2 Invocations
 + Level 2.0 Evocations


You had 8 spell levels left.
You knew the following spells:

 Your Spells              Type           Power      Damage    Failure   Level
b - Poisonous Vapours     Pois/Air       20%        N/A       10%         2
c - Static Discharge      Conj/Air       20%        2-3/arc   10%         2
d - Vhi's Electric Charg  Tloc/Air       20%        N/A       19%         3

Your spell library contained the following spells:

 Spells                   Type           Power      Damage    Failure   Level
 Beastly Appendage        Tmut           52%        N/A       1%          1
 Sting                    Tmut/Pois      68%        1d6       2%          1
 Passwall                 Tmut/Erth      14%        N/A       3%          2
 Arcjolt                  Conj/Air       5%         1d15      87%         5
 Maxwell's Capacitive Co  Air            6%         ∞         100%        8


Dungeon Overview and Level Annotations

Branches:
Dungeon (4/15)
 Temple: D:4-7

Altars:


Innate Abilities, Weirdness & Mutations

You have very sharp teeth.
Your uncanny sense of smell can sniff out nearby items.
Your experience applies equally to all skills.


Message History

The adder bites you but does no damage.
The centaur hits you but does no damage.
The centaur kicks you but does no damage.
The giant cockroach closely misses you. The ball python barely misses you. x2
You climb upwards.
Reactivating autopickup.
There is a stone staircase leading down here.
You aren't carrying any scrolls.
You fade into invisibility!
The centaur barely misses you. x2; The adder bites you but does no damage.
The centaur drinks a potion.
The centaur goes berserk!
The adder closely misses you. The centaur misses you.
The centaur closely misses you.
The centaur rages.
The centaur closely misses you. The centaur misses you.
The centaur hits you but does no damage.
The centaur kicks you.
* * * LOW HITPOINT WARNING * * *
The centaur completely misses you.
The centaur kicks you but does no damage.
The centaur completely misses you.
The centaur kicks you but does no damage.
The centaur rages.
The centaur rages.
The adder hisses angrily.
You hear an angry hiss.
You see here a +0 dagger.
You hear a shout!
The centaur barely misses you. The centaur kicks you.
The centaur wields a +0 shortbow.
The centaur shoots an arrow.
The arrow hits you!
* * * LOW HITPOINT WARNING * * *
You see here a +0 ring mail.
You flicker for a moment.
The centaur looks more energetic.
The centaur shoots an arrow.
The centaur shoots an arrow. x2
You flicker back into view.
The centaur shoots an arrow.
The arrow closely misses you.
The centaur shoots an arrow.
The arrow hits you!
You die...

#............##.##.#B.#....
###############.##)####S#..
#c##......###
#########.#########
#.........##
########.##.......#
#......#.##.......#
#......#.##.......#########
#......#.##@......#.......#
#......#..........#.......#
#......####.......#.......#
#......##.........#.......##
#..........########.........
#.......>..# ######.......#.
#####......###..........###.
#......'........#######.
#......#.#.####.#.....#.


You could see a centaur.

Vanquished Creatures
  Sigmund (D:2)
  An orc priest (D:4)
  Jessica (D:3)
  4 adders
  8 orcs
  6 bats
  4 endoplasms
  2 giant cockroaches
  5 goblins
  5 hobgoblins
  4 quokkas
  5 ball pythons
  2 frilled lizards
  5 kobolds
  A rat (D:3)
54 creatures vanquished.

Notes
Turn   | Place    | Note
-------+----------+-------------------------------------------
     0 | D:1      | GimliDwarf the Gnoll Wanderer began the quest for the Orb.
     0 | D:1      | GimliDwarf set off with the following items: a +0 club, a
                  | potion of curing, a +0 robe, a +0 cloak; and the following
                  | spells available to memorise: Beastly Appendage, Sting,
                  | Passwall, Poisonous Vapours, Static Discharge.
     0 | D:1      | Reached XP level 1. HP: 13/13 MP: 6/6
     2 | D:1      | Learned a level 1 spell: Sting
   554 | D:1      | Reached XP level 2. HP: 19/19 MP: 7/7
  1241 | D:2      | Noticed Sigmund
  1273 | D:2      | Reached skill level 5 in Spellcasting
  1273 | D:2      | Reached XP level 3. HP: 25/25 MP: 7/9
  1276 | D:2      | Learned a level 2 spell: Poisonous Vapours
  1551 | D:2      | Killed Sigmund
  1552 | D:2      | Reached skill level 1 in Fighting
  1552 | D:2      | Reached skill level 1 in Short Blades
  1552 | D:2      | Reached skill level 1 in Long Blades
  1552 | D:2      | Reached skill level 1 in Axes
  1552 | D:2      | Reached skill level 1 in Maces & Flails
  1552 | D:2      | Reached skill level 1 in Polearms
  1552 | D:2      | Reached skill level 1 in Staves
  1552 | D:2      | Reached skill level 1 in Ranged Weapons
  1552 | D:2      | Reached skill level 1 in Throwing
  1552 | D:2      | Reached skill level 1 in Dodging
  1552 | D:2      | Reached skill level 1 in Shields
  1552 | D:2      | Reached skill level 1 in Unarmed Combat
  1552 | D:2      | Reached skill level 1 in Conjurations
  1552 | D:2      | Reached skill level 1 in Hexes
  1552 | D:2      | Reached skill level 1 in Summonings
  1552 | D:2      | Reached skill level 1 in Necromancy
  1552 | D:2      | Reached skill level 1 in Translocations
  1552 | D:2      | Reached skill level 1 in Fire Magic
  1552 | D:2      | Reached skill level 1 in Ice Magic
  1552 | D:2      | Reached skill level 1 in Earth Magic
  1552 | D:2      | Reached skill level 1 in Poison Magic
  1552 | D:2      | Reached skill level 1 in Invocations
  1552 | D:2      | Reached skill level 1 in Evocations
  1552 | D:2      | Reached XP level 4. HP: 7/32 MP: 4/11
  1552 | D:2      | Reached XP level 5. HP: 8/37 MP: 4/12
  1877 | D:2      | Learned a level 2 spell: Static Discharge
  1881 | D:2      | Learned a level 3 spell: Vhi's Electric Charge
  1938 | D:3      | Noticed Jessica
  1948 | D:3      | Killed Jessica
  2138 | D:3      | Found a faded altar of an unknown god.
  2796 | D:4      | Reached XP level 6. HP: 42/44 MP: 8/13
  3817 | D:3      | Shot with an arrow by a centaur

Illustrated notes

Levels and vault maps discovered:
D:1:      amcnicky_arrival_gap_in_the_tavern_cellar, layout_basic
D:2:      layout_basic, uniq_sigmund
D:3:      layout_basic, ebering_ecumenical_altar_abandoned, uniq_jessica
D:4:      layout_basic, serial_shops, nicolae_shop_competitors_out_of_business,
          hangedman_decor_lopped, palyth_stone_intersect,
          minmay_misc_feat_square, nicolae_elevator_lobby_plus, uniq_menkaure,
          uniq_crazy_yiuf_cottage

Skill      XL: |  1  2  3  4  5  6 |
---------------+-------------------+-----
Air Magic      | 2 |  2.6
Spellcasting   | 5 |  5.4
Fighting       | 1 2 |  2.0
Short Blades   | 1 2 |  2.0
Long Blades    | 1 2 |  2.0
Axes           | 1 2 |  2.0
Maces & Flails | 1 2 |  2.0
Polearms       | 1 2 |  2.0
Staves         | 1 2 |  2.0
Ranged Weapons | 1 2 |  2.0
Throwing       | 1 2 |  2.0
Armour         | 3 |  3.3
Dodging        | 1 2 |  2.0
Shields        | 1 2 |  2.0
Unarmed Combat | 1 2 |  2.0
Conjurations   | 1 |  1.6
Hexes          | 1 |  1.6
Summonings     | 1 |  1.6
Necromancy     | 1 |  1.6
Translocations | 1 |  1.6
Fire Magic     | 1 |  1.6
Ice Magic      | 1 |  1.6
Earth Magic    | 1 |  1.6
Poison Magic   | 1 |  1.6
Invocations    | 1 2 |  2.2
Evocations     | 1 2 |  2.0
Stealth        | |  4.6
Transmutations | |  7.3

Action                     |  1- 3 |  4- 6 || total
---------------------------+-------+-------++-------
   Fire: Sling             |    49 |    73 ||   122
   Cast: Sting             |     9 |       ||     9
         Poisonous Vapours |     5 |    34 ||    39
    Use: Scroll            |       |    10 ||    10
         Potion            |       |     3 ||     3
 Armour: Robe              |     4 |    25 ||    29
  Dodge: Dodged            |    12 |    70 ||    82
